 Dungeon Crawl Stone Soup version 0.28.0 (webtiles) character file.

Game seed: 2227735038178520336

571 dolemite99 the Cutter (level 7, 0/52 HPs)
             Began as a Demonspawn Fighter on Feb 9, 2022.
             Was an Initiate of Yredelemnul.
             Slain by a kobold brigand (5 damage)
             ... on level 7 of the Dungeon.
             The game lasted 00:05:53 (5782 turns).

dolemite99 the Cutter (Demonspawn Fighter)          Turns: 5782, Time: 00:05:54

Health: 0/52       AC:  6    Str: 26    XL:     7   Next: 12%
Magic:  7/7        EV:  9    Int: 14    God:    Yredelemnul [......]
Gold:   212        SH:  6    Dex: 13    Spells: 6/6 levels left

rFire   . . .      SeeInvis +   b - +1 short sword (venom)
rCold   . . .      Faith    .   c - +1 buckler
rNeg    . . .      Spirit   .   o - +0 scale mail
rPois   .          Reflect  .   (no helmet)
rElec   .          Harm     .   (no cloak)
rCorr   .          Rampage  .   (no gloves)
Will    .....                   (no boots)
Stlth   ..........              (no amulet)
HPRegen 0.17/turn               z - ring "Daist" {Str+8 Int+5 SInv, =R}
MPRegen 0.10/turn               (no ring)

@: lethally poisoned (0 -> -2)
A: foul stench 2, demonic touch 2
a: Renounce Religion, Recall Undead Harvest


You were on level 7 of the Dungeon.
You worshipped Yredelemnul.
Yredelemnul was noncommittal.
You visited 1 branch of the dungeon, and saw 7 of its levels.

You collected 212 gold pieces.

Inventory:

Hand Weapons
 a - a +3 rapier
 b - a +1 short sword of venom (weapon)
 m - a +0 hunting sling
Missiles
 f - 116 stones (quivered)
 g - 22 sling bullets
 n - 18 arrows
Armour
 c - a +1 buckler (worn)
 o - a +0 scale mail (worn)
Jewellery
 z - the ring "Daist" (left hand) {Str+8 Int+5 SInv, =R}
   (You acquired it on level 2 of the Dungeon)

   [ring of see invisible]

   Str:       It affects your strength (+8).
   Int:       It affects your intelligence (+5).
   SInv:      It lets you see invisible.
Scrolls
 k - a scroll of blinking {unknown}
Potions
 d - a potion of flight {unknown}
 e - a potion of lignification {unknown}
 h - a potion of degeneration
 i - a potion of attraction {unknown}
 j - a potion of heal wounds {unknown}
 p - a potion of berserk rage {unknown}
 q - a potion of brilliance {unknown}


   Skills:
 - Level 3.0 Fighting
 * Level 6.5 Short Blades
 - Level 2.6 Armour
 - Level 4.0 Shields


You had 6 spell levels left.
You didn't know any spells.
Your spell library contained the following spells:

 Spells                   Type           Power      Damage    Failure   Level
 Foxfire                  Conj/Fire      0%         2x1d4     65%         1
 Static Discharge         Conj/Air       0%         N/A       78%         2
 Conjure Flame            Conj/Fire      0%         6-21      95%         3
 Inner Flame              Hex/Fire       0%         N/A       95%         3
 Cause Fear               Hex            0%         N/A       100%        4
 Flame Wave               Conj/Fire      0%         2d4       100%        4
 Petrify                  Tmut/Erth      0%         N/A       100%        4
 Lightning Bolt           Conj/Air       0%         1d11      100%        5
 Metabolic Englaciation   Hex/Ice        0%         N/A       100%        5
 Statue Form              Tmut/Erth      0%         N/A       100%        6
 Discord                  Hex            0%         N/A       100%        8
 Maxwell's Capacitive Co  Air            0%         ∞         100%        8


Dungeon Overview and Level Annotations

Branches:
Dungeon (8/15)             Temple (0/1) D:4
   Lair: D:8-11

Altars:
Yredelemnul
The Shining One


Innate Abilities, Weirdness & Mutations

You sometimes emit foul miasma when damaged in melee.
Your touch may inflict irresistible damage on your foes.


Message History

The kobold brigand hits you with a +0 short sword.
You feel sick.
The kobold throws a poisoned dart.
The poisoned dart hits you!
You are more poisoned.
The kobold brigand hits you with a +0 short sword.
You feel very sick.
The kobold brigand hits you with a +0 short sword.
You feel sick.
The kobold throws a poisoned dart.
The poisoned dart barely misses you.
You closely miss the kobold.
The kobold is heavily wounded.
You feel sick. The kobold brigand misses you.
You closely miss the kobold.
You feel sick. The kobold barely misses you. You block the kobold's attack.
You hit the kobold brigand.
The kobold brigand is poisoned.
The kobold brigand is moderately wounded.
You feel sick.
The kobold brigand hits you with a +0 short sword.
The kobold barely misses you. x2
You closely miss the kobold.
You feel sick.
You kill the kobold!
The kobold brigand hits you with a +0 short sword.
* * * LOW HITPOINT WARNING * * *
The kobold hits you but does no damage.
Okay, then.
You hit the kobold brigand.
The kobold brigand looks as sick as possible!
The kobold brigand is moderately wounded.
The kobold brigand hits you with a +0 short sword.
* * * LOW HITPOINT WARNING * * *
The kobold hits you with a +0 club.
* * * LOW HITPOINT WARNING * * *
You closely miss the kobold brigand.
The kobold brigand is moderately wounded.
You feel sick. The kobold hits you but does no damage.
You hit the kobold.
You kill the kobold!
A black mist starts to gather...
You feel sick.
The kobold brigand hits you with a +0 short sword.
You die...
Your body rises from the dead as a mindless zombie.

### ##.### #..(.# # ##...##
# #####.....# #### #
#...#..Z..#######..### #
#.......)..#.##......####
#...####..@)z..#...........
## ###KKK..............
##................
.....K.................
.##...##......##..#....
#.z. ##....###.....#. ....
##..###.....##. ..... ####
......### .... ...## #


You could see a kobold brigand (extremely poisoned), a wight, 2 kobolds and a
friendly kobold zombie.

Vanquished Creatures
  A sky beast (D:8)
  An ogre (D:7)
  A bullfrog (D:4)
  A hound (D:4)
  Terence (D:2)
  An orc wizard (D:4)
  A hound skeleton (D:3)
  2 adders
  An adder skeleton (D:2)
  A worm (D:1)
  5 dart slugs
  5 orcs
  5 bats
  12 endoplasms
  4 giant cockroaches
  5 goblins
  4 hobgoblins
  7 kobolds
  3 quokkas
  3 ball pythons
  5 frilled lizards
  8 rats
77 creatures vanquished.

Vanquished Creatures (collateral kills)
  A scorpion (D:4)
  An orc wizard (D:4)
  2 adders (D:2)
  4 orcs (D:4)
  4 ball pythons
  A hobgoblin (D:1)
  A bat (D:1)
  A kobold (D:2)
15 creatures vanquished.

Vanquished Creatures (others)
  A bat zombie (D:2)
  A ball python zombie (D:4)
  A dart slug zombie (D:7)
  A goblin zombie (D:4)
  A kobold zombie (D:2)
  2 orc zombies (D:4)
  2 rat zombies (D:2)
9 creatures vanquished.

Grand Total: 101 creatures vanquished

Notes
Turn   | Place    | Note
-------+----------+-------------------------------------------
     0 | D:1      | dolemite99 the Demonspawn Fighter began the quest for the
                  | Orb.
     0 | D:1      | Reached XP level 1. HP: 18/18 MP: 1/1
   227 | D:1      | Reached skill level 2 in Short Blades
   364 | D:1      | Gained mutation: Your touch may inflict minor irresistible
                  | damage on your foes. [demonic ancestry]
   364 | D:1      | Reached XP level 2. HP: 14/24 MP: 2/2
  1332 | D:1      | Found a faded altar of an unknown god.
  1342 | D:1      | Gained mutation: You may rarely emit foul miasma when
                  | damaged in melee. [demonic ancestry]
  1342 | D:1      | Reached XP level 3. HP: 17/29 MP: 3/3
  1569 | D:1      | Prayed at the altar of an unknown god.
  1569 | D:1      | Became a worshipper of Yredelemnul the Dark
  1569 | D:1      | Reached * piety under Yredelemnul
  1635 | D:1      | Reached skill level 3 in Short Blades
  2054 | D:2      | Noticed Terence
  2063 | D:2      | Killed Terence
  2064 | D:2      | Gained mutation: Your touch may inflict irresistible damage
                  | on your foes. [demonic ancestry]
  2064 | D:2      | Reached XP level 4. HP: 26/35 MP: 4/4
  3114 | D:2      | Identified a scroll of acquirement
  3114 | D:2      | Acquired the ring "Daist" {Str+8 Int+5 SInv}
  3724 | D:3      | Reached skill level 4 in Short Blades
  3724 | D:3      | Gained mutation: You sometimes emit foul miasma when
                  | damaged in melee. [demonic ancestry]
  3724 | D:3      | Reached XP level 5. HP: 37/41 MP: 5/5
  4625 | D:4      | Reached skill level 5 in Short Blades
  4625 | D:4      | Reached XP level 6. HP: 25/47 MP: 6/6
  4938 | D:4      | Reached ** piety under Yredelemnul
  5343 | D:4      | Found a staircase to the Ecumenical Temple.
  5447 | D:5      | Entered Level 5 of the Dungeon
  5500 | D:5      | You fall into a shaft and drop 3 floors!
  5501 | D:8      | Noticed a sky beast
  5518 | D:8      | Killed a sky beast
  5519 | D:8      | Reached skill level 6 in Short Blades
  5769 | D:7      | Reached XP level 7. HP: 45/52 MP: 7/7
  5782 | D:7      | Slain by a kobold brigand

Illustrated notes

Levels and vault maps discovered:
D:1:      sevenhm_arrival_forest_fort_small_6, layout_basic,
          dreamdust_ecumenical_altar_angels_and_demons
D:2:      layout_basic, minivault_24, uniq_terence
D:3:      layout_basic
D:4:      layout_gridville, temple_statues, serial_glass, glass_columns_a,
          glass_columns_c, due_unseen_surprise
D:5:      layout_loops_cross, chei_slow_surprise, portal_sewer_entry_d
D:7:      kennysheep_slugbush, layout_cave_pools, marbit_many_paths,
          minmay_misc_feat_nine_boxes, minmay_misc_feat_tiny, minivault_19,
          hangedman_decor_opposing
D:8:      layout_basic, david_defended_altar_orc, uniq_maurice, uniq_erica

Skill      XL: |  1  2  3  4  5  6 |
---------------+-------------------+-----
Short Blades   | 2 3 4 5 6 |  6.5
Shields        | 3 4 |  4.0
Fighting       | |  3.0
Armour         | |  2.6

Action                   |  1- 3 |  4- 6 |  7- 9 || total
-------------------------+-------+-------+-------++-------
Melee: Rapier            |   111 |   112 |       ||   223
       Short sword       |       |    15 |    10 ||    25
Throw: Stone             |    19 |    22 |       ||    41
  Use: Scroll            |     4 |    10 |       ||    14
       Potion            |     1 |     1 |       ||     2
 Stab: Distracted        |       |     2 |       ||     2
Armor: Scale mail        |    50 |    48 |     5 ||   103
Dodge: Dodged            |    54 |    45 |     6 ||   105
Block: Buckler           |    29 |    35 |     3 ||    67
